 Dungeon Crawl Stone Soup version 0.17-a0-702-gb3a3556 (webtiles) character file.

32501 Fluffy the Fighter (level 14, -13/116 HPs)
             Began as a Human Fighter on Apr 19, 2015.
             Was a High Priest of Okawaru.
             Mangled by Rupert
             ... wielding a +3 great sword of protection
              (32 damage)
             ... on level 3 of the Lair of Beasts.
             The game lasted 01:24:13 (23743 turns).

Fluffy the Fighter (Human Fighter)                 Turns: 23743, Time: 01:24:14

Health: -13/116    AC: 30    Str: 20    XL:     14   Next: 3%
Magic:  14/21      EV:  8    Int: 15    God:    Okawaru [*****.]
Gold:   718        SH: 11    Dex: 14    Spells: 0 memorised, 13 levels left

rFire  . . .     SeeInvis .     W - +1 long sword (flame)
rCold  + . .     Clarity  +     V - +4 plate armour {rPois}
rNeg   + + .     SustAb   .     c - +0 shield
rPois  +         Gourm    .     e - +0 helmet of the Trilobite {Contam rElec rN+ Int+6}
rElec  +         Spirit   .     K - +0 cloak
rCorr  .         Warding  .     E - +0 pair of gloves
rMut   .         Stasis   .     n - +1 pair of boots
MR     +....                    v - amulet of clarity
Stlth  ..........               x - ring of protection from cold
                                l - ring of positive energy

@: heroism, finesse, studying Ice Magic, somewhat resistant to hostile
enchantments, extremely unstealthy
A: no striking features
a: Heroism, Finesse, Renounce Religion


You were on level 3 of the Lair of Beasts.
You worshipped Okawaru.
Okawaru was extremely pleased with you.
You were very hungry.

You visited 3 branches of the dungeon, and saw 16 of its levels.
You visited 1 bazaar.
You also visited: Ice Cave.

You collected 1188 gold pieces.
You spent 470 gold pieces at shops.

Inventory:

Hand weapons
 W - a +1 long sword of flaming (weapon)
Armour
 c - a +0 shield (worn)
 e - the +0 helmet of the Trilobite (worn) {Contam rElec rN+ Int+6}
   (You took it off Robin on level 2 of the Dungeon)

   It affects your intelligence (+6).
   It insulates you from electricity.
   It protects you from negative energy.
   It causes magical contamination when unequipped.
 n - a +1 pair of boots (worn)
 E - a +0 pair of gloves (worn)
 K - a +0 cloak (worn)
 R - a +2 hat of cold resistance
 V - a +4 plate armour of poison resistance (worn)
Rods
 t - a +0 rod of ignition (2/14)
   (You found it on level 3 of the Dungeon)
Jewellery
 l - a ring of positive energy (left hand)
 v - an amulet of clarity (around neck)
 x - a ring of protection from cold (right hand)
 J - an uncursed ring of sustain abilities
 M - an uncursed ring of ice
 X - an uncursed amulet of resist corrosion
Magical devices
 a - a wand of digging (10)
 f - a wand of disintegration (6)
 j - a wand of frost (18)
 r - a wand of teleportation (5)
 A - a wand of teleportation (2)
 D - a wand of confusion (27)
 G - a wand of polymorph (6)
 H - a wand of digging (0)
 I - a wand of cold (9)
 Q - a wand of frost (34)
 S - a wand of frost (26)
 T - a wand of frost (30)
Scrolls
 b - 2 scrolls of fear
 k - 3 scrolls of remove curse
 p - 7 scrolls of teleportation
 q - 3 scrolls of enchant armour
 y - 2 scrolls of recharging
 F - a scroll of brand weapon
 N - 7 scrolls of identify
Potions
 h - 2 potions of heal wounds
 m - 3 potions of magic
 u - 2 potions of agility
 w - 2 potions of resistance
 C - a potion of restore abilities
 L - 2 potions of brilliance
Books
 o - an Akashic Record {highlevel, unknown}

   This book is beyond your current level of understanding.

   Spells                             Type                      Level
   a - Dispersal                      Translocation                6
   b - Controlled Blink               Translocation                7
   c - Malign Gateway                 Summoning/Translocation      7
   d - Disjunction                    Translocation                8
   e - Singularity                    Translocation                9
 O - a manual of Ice Magic
 P - a manual of Ice Magic
Miscellaneous
 U - a stone of tremors
Comestibles
 d - 9 bread rations
 g - 2 slices of pizza
 i - 11 meat rations
 z - 19 royal jellies
 B - 2 beef jerkies


   Skills:
 + Level 12.6(17.6) Fighting
 + Level 12.2(17.2) Long Blades
 + Level 12.5(17.5) Armour
 - Level 3.0(8.0) Shields
 + Level 9.4 Invocations


You had 13 spell levels left.
You didn't know any spells.

Dungeon Overview and Level Annotations

Branches:
Dungeon (11/15)            Temple (1/1) D:4            Lair (4/8) D:11
 Shoals (0/5) Lair:3          Orc (0/4) D:10
  Snake: Lair:3-6    Spider: Lair:3-6

Altars:
Ashenzari
Cheibriados
Dithmenos
Elyvilon
Fedhas
Gozag
Kikubaaqudgha
Makhleb
Nemelex Xobeh
Okawaru
Qazlal
Ru
Sif Muna
Trog
Vehumet
Xom
Yredelemnul
Zin
The Shining One
Beogh

Shops:
D:4 !   D:6 !   D:7 *

Annotations:
D:9 exclusion: 2 oklob saplings
Lair:3 Rupert


Message History

* * * LOW HITPOINT WARNING * * *
Use which ability? (? or * to list)
You can now deal lightning-fast blows.
You feel somewhat more hungry.
Rupert hits you with a great sword of protection.
* * * LOW HITPOINT WARNING * * *
You slash Rupert! You burn Rupert.
Rupert is heavily wounded.
You slash Rupert! You burn Rupert.
Rupert is heavily wounded.
You hit Rupert but do no damage.
Rupert is heavily wounded.
Rupert hits you with a great sword of protection.
* * * LOW HITPOINT WARNING * * *
You closely miss Rupert.
Rupert is heavily wounded.
You hit Rupert but do no damage.
Rupert is heavily wounded.
Rupert hits you with a great sword of protection!!
You die...

..#.............##P...####...##
.##.......##<...P#.....# #...#
.#..#..##..##...###...####...#
##.#.....#.##...###...# #....#
#...........#....##...###....#
#..#.....#...###.##....###...##
..##.⌠.⌠..#..#..⌠..#..P##.....#
..#............@...#..####...##
......<.........@.⌠#..# #....P#
(.....................####...##
..##.⌠.⌠.#...##.⌠.##....##....#
#..#.....#..##.#.##...........#
#...........#.................#
#........#.##................##
....####...............#......#
.##........##...###...##.....##
.........####...P##...###....#


You could see Rupert (berserk).

Vanquished Creatures
  2 hydras
  Harold (D:10)
  Sonja (Lair:1)
  An ice statue (IceCv)
  A necromancer (IceCv)
  Pikel (D:9)
  4 hill giants
  The ghost of Pnognoglozu the Pure, an experienced DsAK of Lugonu (D:6)
  A griffon (Lair:2)
  2 ugly things (D:11)
  6 elephants (Lair:3)
  4 spiny frogs (Lair:2)
  Maurice (D:8)
  A black mamba (Lair:2)
  Psyche (D:9)
  4 komodo dragons
  10 freezing wraiths (IceCv)
  A queen bee (Lair:1)
  2 fire drakes
  3 trolls
  Grinder (D:4)
  4 blink frogs (Lair:3)
  4 wandering mushrooms (D:9)
  A hungry ghost (D:11)
  17 yaks
  2 wraiths
  A basilisk (Lair:1)
  A deep elf mage (D:11)
  A hippogriff (Lair:1)
  4 water moccasins
  8 ice beasts
  9 porcupines
  4 orc warriors
  3 black bears
  8 sky beasts
  2 slaves (D:9)
  2 centaurs
  2 necrophages (D:11)
  2 big kobolds (D:10)
  7 ogres
  Blork the orc (D:5)
  An elf skeleton (D:11)
  A brain worm (D:9)
  5 crocodiles
  An elephant simulacrum (IceCv)
  11 giant frogs
  4 scorpions
  47 killer bees
  3 wights (D:3)
  2 centaur zombies (D:6)
  2 electric eels (Lair:3)
  10 crimson imps
  6 orc priests
  4 jellies
  4 human zombies (D:11)
  A centaur skeleton (D:9)
  2 draconian simulacra (IceCv)
  6 hounds
  2 polar bear simulacra (IceCv)
  2 quasits
  Natasha (D:2)
  A human skeleton (D:11)
  4 iguanas
  15 orc wizards
  A spriggan simulacrum (IceCv)
  4 troll simulacra (IceCv)
  10 worker ants
  A wolf simulacrum (IceCv)
  4 centaur simulacra (IceCv)
  A hound skeleton (D:5)
  A hound zombie (D:9)
  2 mummies (D:11)
  2 worker ant zombies
  Robin (D:2)
  13 adders
  9 gnolls
  21 river rats
  3 ogre simulacra (IceCv)
  5 naga simulacra (IceCv)
  12 white imps (IceCv)
  3 shadow imps
  3 oozes
  2 adder zombies
  2 adder skeletons
  4 worms
  7 giant geckos
  65 orcs
  2 bat zombies (D:5)
  4 giant cockroaches
  2 gnoll zombies (D:9)
  27 hobgoblins
  7 jackals (D:6)
  11 quokkas
  2 ball pythons
  7 bats
  2 giant newts
  28 goblins
  26 kobolds
  An orc skeleton (D:11)
  11 rats
  7 ballistomycetes (D:8)
580 creatures vanquished.

Vanquished Creatures (others)
  A sky beast (D:5)
  A draconian simulacrum (IceCv)
  A giant spore (D:8)
  3 fungi (Lair:2)
6 creatures vanquished.

Grand Total: 586 creatures vanquished

Notes
Turn   | Place    | Note
--------------------------------------------------------------
     0 | D:1      | Fluffy, the Human Fighter, began the quest for the Orb.
     0 | D:1      | Reached XP level 1. HP: 18/18 MP: 1/1
   100 | D:1      | Reached XP level 2. HP: 24/24 MP: 2/2
   691 | D:2      | Reached XP level 3. HP: 25/29 MP: 3/3
   925 | D:2      | Noticed Natasha
   940 | D:2      | Killed Natasha
   940 | D:2      | Reached XP level 4. HP: 25/37 MP: 4/4
  1086 | D:2      | Found a deep blue altar of Sif Muna.
  1108 | D:2      | Noticed Robin
  1158 | D:2      | Killed Robin
  1160 | D:2      | Got a spiked helmet
  1166 | D:2      | Identified the +0 helmet of the Trilobite {Contam rElec rN+ Int+6} (You took it off Robin on level 2 of the Dungeon)
  1830 | D:2      | Reached skill level 4 in Fighting
  1830 | D:2      | Reached XP level 5. HP: 38/42 MP: 5/5
  1919 | D:3      | Reached XP level 6. HP: 14/49 MP: 6/6
  2542 | D:3      | Identified a +0 rod of ignition (14/14) (You found it on level 3 of the Dungeon)
  3162 | D:4      | Reached skill level 5 in Fighting
  3162 | D:4      | Reached XP level 7. HP: 48/56 MP: 7/7
  3195 | D:4      | Noticed Grinder
  3199 | D:4      | Paralysed by Grinder for 6 turns
  3209 | D:4      | Paralysed by Grinder for 7 turns
  3235 | D:4      | Killed Grinder
  3235 | D:4      | Reached skill level 5 in Armour
  3243 | D:4      | Found a staircase to the Ecumenical Temple.
  3253 | Temple   | Entered the Ecumenical Temple
  3341 | D:4      | Noticed a black bear
  3351 | D:4      | Killed a black bear
  3388 | D:4      | Reached skill level 5 in Long Blades
  3417 | D:4      | Reached XP level 8. HP: 55/64 MP: 8/8
  3681 | D:4      | Found Apnot's Distillery.
  3879 | D:4      | Found a sparkling altar of Nemelex Xobeh.
  4231 | D:4      | Reached skill level 6 in Fighting
  4502 | D:5      | Entered Level 5 of the Dungeon
  4924 | D:5      | Found a shattered altar of Ashenzari.
  5032 | D:5      | Noticed Blork the orc
  5049 | D:5      | Killed Blork the orc
  5486 | D:5      | Got a slimy ring mail
  5490 | D:5      | Reached XP level 9. HP: 71/71 MP: 9/9
  5554 | D:5      | Reached skill level 7 in Fighting
  5591 | D:6      | Found Muduel's Distillery.
  5940 | D:6      | Noticed Pnognoglozu's ghost (experienced DsAK)
  7273 | D:6      | Killed Pnognoglozu's ghost
  7273 | D:6      | Reached skill level 8 in Fighting
  7626 | D:6      | Reached XP level 10. HP: 68/81 MP: 10/10
  8257 | D:7      | Reached skill level 9 in Fighting
  8744 | D:7      | Found an ancient bone altar of Kikubaaqudgha.
  8752 | D:7      | Found a blossoming altar of Fedhas.
  8752 | D:7      | Found a sacrificial altar of Ru.
  8752 | D:7      | Found a snail-covered altar of Cheibriados.
  8992 | D:7      | Found Mairygui's General Store.
  9692 | D:8      | Found a shimmering altar of Xom.
  9694 | D:8      | Noticed an angel
  9695 | D:8      | Found a glowing silver altar of Zin.
 10681 | D:9      | Noticed Maurice
 11012 | D:9      | Found an iron altar of Okawaru.
 11012 | D:9      | Found a snail-covered altar of Cheibriados.
 11019 | D:9      | Became a worshipper of Warmaster Okawaru
 11084 | D:9      | Reached XP level 11. HP: 83/90 MP: 11/11
 11094 | D:9      | Reached skill level 1 in Invocations
 11098 | D:9      | Found a blossoming altar of Fedhas.
 11849 | D:9      | Noticed Psyche
 11869 | D:9      | Killed Psyche
 11894 | D:9      | Found a glowing golden altar of the Shining One.
 11990 | D:9      | Noticed Pikel
 12019 | D:9      | Killed Pikel
 12019 | D:9      | Reached skill level 10 in Fighting
 12392 | D:9      | Reached skill level 10 in Armour
 12409 | D:9      | Found a basalt altar of Yredelemnul.
 13188 | D:8      | Killed Maurice
 13210 | D:8      | Identified the +4 ring mail "Piga" {Dex+2} (You found it on level 5 of the Dungeon)
 13271 | D:10     | Entered Level 10 of the Dungeon
 13631 | D:10     | Found a roughly hewn altar of Beogh.
 13639 | D:10     | Acquired Okawaru's first power
 13726 | D:10     | Found a staircase to the Orcish Mines.
 13728 | D:10     | Noticed Harold
 13762 | D:10     | Killed Harold
 13990 | D:10     | Found a roughly hewn altar of Beogh.
 14104 | D:10     | Reached skill level 10 in Long Blades
 14175 | D:10     | Found a glowing golden altar of the Shining One.
 14525 | D:10     | Noticed a hill giant
 14554 | D:10     | Killed a hill giant
 14605 | D:10     | Reached skill level 5 in Invocations
 14865 | D:10     | Reached XP level 12. HP: 95/99 MP: 15/15
 14998 | D:11     | Found a frozen archway.
 15020 | IceCv    | Entered an ice cave
 16076 | IceCv    | Reached skill level 11 in Fighting
 16748 | IceCv    | Found an ancient bone altar of Kikubaaqudgha.
 17454 | D:11     | Found a staircase to the Lair.
 17478 | D:11     | HP: 1/100 [white ugly thing (7)]
 17483 | D:11     | HP: 4/100 [white ugly thing (7)]
 18029 | D:11     | Identified the Almanac of Contamination
 18085 | D:11     | Found a gateway to a bazaar.
 18095 | Bazaar   | Entered a bazaar
 18095 | Bazaar   | Found Exzer's General Store.
 18095 | Bazaar   | Found Geta's Gadget Boutique.
 18095 | Bazaar   | Found Qeloalum's Gadget Shoppe.
 18096 | Bazaar   | Found Gixkyb's General Store.
 18099 | Bazaar   | Found Popnuq's Magic Scroll Shop.
 18139 | Bazaar   | Bought a +4 plate armour of poison resistance for 470 gold pieces
 18311 | D:11     | Found an ancient bone altar of Kikubaaqudgha.
 18359 | D:11     | Reached XP level 13. HP: 106/106 MP: 18/18
 18433 | Lair:1   | Entered Level 1 of the Lair of Beasts
 19963 | Lair:1   | Noticed Sonja
 19967 | Lair:1   | Killed Sonja
 20181 | Lair:2   | Acquired Okawaru's second power
 20195 | Lair:2   | Reached skill level 12 in Fighting
 22194 | Lair:3   | Received a gift from Okawaru
 23245 | Lair:3   | Reached XP level 14. HP: 92/116 MP: 21/21
 23468 | Lair:3   | Found a staircase to the Shoals.
 23721 | Lair:4   | Noticed Rupert
 23743 | Lair:3   | Mangled by Rupert

Action                   |  1- 3 |  4- 6 |  7- 9 | 10-12 | 13-15 || total
-------------------------+-------+-------+-------+-------+-------++-------
Melee: Long sword        |   109 |   242 |   801 |    57 |   170 ||  1379
       Scimitar          |       |       |       |  1367 |   542 ||  1909
Invok: Heroism           |       |       |       |     8 |     4 ||    12
       Finesse           |       |       |       |       |     2 ||     2
Evoke: Rod               |       |     2 |    13 |    17 |     6 ||    38
       Wand              |       |       |       |     4 |     2 ||     6
  Use: Scroll            |       |    11 |     5 |     7 |     1 ||    24
       Potion            |       |     2 |     1 |     4 |     3 ||    10
 Stab: Fleeing           |       |       |       |     1 |       ||     1
       Invisible         |       |       |       |       |     3 ||     3
  Eat: Chunk             |       |     9 |    22 |    33 |    18 ||    82
       Fruit             |       |       |     2 |    15 |       ||    17
       Beef jerky        |       |       |       |       |     3 ||     3
